 Dungeon Crawl Stone Soup version 0.27.1 (webtiles) character file.

Game seed: 1590474374315835673

164 r3algoood the Conjurer (level 5, 0/28 HPs)
             Began as a Deep Elf Conjurer on Aug 31, 2021.
             Slain by a hound (4 damage)
             ... on level 4 of the Dungeon.
             The game lasted 00:13:20 (4242 turns).

r3algoood the Conjurer (Deep Elf Conjurer)          Turns: 4242, Time: 00:13:21

Health: 0/28       AC:  4    Str:  4    XL:     5   Next: 21%
Magic:  21/23      EV: 12    Int: 24    God:
Gold:   64         SH:  0    Dex: 13    Spells: 4/13 levels left

rFire    . . .     SeeInvis .   b - +3 whip
rCold    . . .     Faith    .   (no shield)
rNeg     . . .     Spirit   .   a - +0 robe
rPois    .         Reflect  .   (no helmet)
rElec    .         Harm     .   d - +0 cloak
rCorr    .         Rampage  .   i - +0 pair of gloves
Will     .....                  (no boots)
Stlth    ++........             (no amulet)
HPRegen  0.09/turn              p - ring of magical power
MPRegen  0.18/turn              (no ring)

@: no status effects
A: no striking features
a: no special abilities


You were on level 4 of the Dungeon.
You visited 1 branch of the dungeon, and saw 4 of its levels.

You collected 64 gold pieces.

Inventory:

Hand Weapons
 b - a +3 whip (weapon)
Armour
 a - a +0 robe (worn)
 d - a +0 cloak (worn)
 i - a +0 pair of gloves (worn)
Jewellery
 p - a ring of magical power (left hand)
Wands
 m - a wand of mindburst (17)
Scrolls
 f - 3 scrolls of identify {unknown}
 g - a scroll of acquirement {unknown}
 h - 3 scrolls of teleportation {unknown}
 j - a scroll of enchant armour {unknown}
 k - a scroll of blinking {unknown}
 o - a scroll of noise {unknown}
Potions
 c - 4 potions of curing {unknown}
 e - 2 potions of lignification {unknown}
 l - a potion of might {unknown}
 n - a potion of heal wounds {unknown}
 q - a potion of flight {unknown}
 r - a potion of brilliance {unknown}


   Skills:
 + Level 2.8 Dodging
 + Level 3.0 Stealth
 + Level 4.7 Spellcasting
 + Level 6.1 Conjurations
 + Level 0.2 Summonings


You had 4 spell levels left.
You knew the following spells:

 Your Spells              Type           Power      Damage    Failure   Level
a - Magic Dart            Conj           100%       1d8       1%          1
b - Summon Small Mammal   Summ           28%        N/A       9%          1
c - Fulminant Prism       Conj/Hex       10%        3d9       26%         4
d - Summon Guardian Gole  Hex/Summ       6%         N/A       26%         3

Your spell library contained the following spells:

 Spells                   Type           Power      Damage    Failure   Level
 Searing Ray              Conj           70%        3d5       1%          2
 Dazzling Flash           Conj/Hex       40%        N/A       8%          3
 Corpse Rot               Necr/Air       N/A        N/A       14%         2
 Call Canine Familiar     Summ           7%         N/A       24%         3
 Gell's Gravitas          Tloc           2%         N/A       26%         3
 Lesser Beckoning         Tloc           2%         N/A       26%         3
 Teleport Other           Tloc           5%         N/A       26%         3
 Iskenderun's Mystic Bla  Conj/Tloc      20%        2d6       26%         4
 Dispel Undead            Necr           5%         3d7       65%         4
 Death Channel            Necr           2%         N/A       100%        6


Dungeon Overview and Level Annotations

Branches:
Dungeon (4/15)
 Temple: D:4-7

Altars:
Fedhas
Gozag


Message History

Confirm with . or Enter, or press ? or * to list all spells.
The spell is quite dangerous to cast (26% risk of failure)!
Continue anyway? [Y]es or [N]o only, please.
The spell is quite dangerous to cast (26% risk of failure)!
Continue anyway? [Y]es or [N]o only, please.
The spell is quite dangerous to cast (26% risk of failure)!
Continue anyway? [Y]es or [N]o only, please.
The spell is quite dangerous to cast (26% risk of failure)!
Continue anyway?
Okay, then.
The hound barely misses you. The hound bites you. The hound closely misses you.
The hound barely misses you. The hound bites you but does no damage.
The hound closely misses you. The hound bites you. The hound bites you.
The hound closely misses you. The hound bites you.
* * * LOW HITPOINT WARNING * * *
The hound closely misses you.
Your guardian golem disappears in a puff of smoke!
The hound misses you. The hound bites you.
* * * LOW HITPOINT WARNING * * *
The hound bites you but does no damage. The hound closely misses you.
The hound closely misses you. The hound closely misses you.
The hound barely misses you.
Casting: Summon Guardian Golem (quite dangerous; 26% risk of failure)
Confirm with . or Enter, or press ? or * to list all spells.
The spell is quite dangerous to cast (26% risk of failure)!
Continue anyway?
A guardian golem appears, shielding your allies.
The hound closely misses you. The hound bites you.
* * * LOW HITPOINT WARNING * * *
The hound bites you but does no damage. x2
The hound bites you but does no damage. The hound closely misses you.
The hound bites you.
You die...

#. ####### #.
#.....# #. #.....#
#. #.....# #.
######.....# #.
#..........# #.
#..........#########
+..@................
#..h..##############
#.....# #...#
#..8..## #...#
###....# #...#
#....# #...#
###....#######...##
+.................##
################...#


You could see a hound (ally target) and a friendly guardian golem (summoned).

Vanquished Creatures
  An orc priest (D:3)
  5 adders
  A worm (D:2)
  A dart slug (D:1)
  6 orcs
  8 ball pythons
  4 bats
  4 endoplasms
  5 giant cockroaches
  8 goblins
  7 hobgoblins
  4 jackals (D:1)
  3 quokkas (D:1)
  6 frilled lizards
  5 kobolds
  5 rats
73 creatures vanquished.

Vanquished Creatures (collateral kills)
  2 orcs (D:4)
2 creatures vanquished.

Vanquished Creatures (others)
  5 fulminant prisms (D:4)
  A plant (D:3)
6 creatures vanquished.

Grand Total: 81 creatures vanquished

Notes
Turn   | Place    | Note
-------+----------+-------------------------------------------
     0 | D:1      | r3algoood the Deep Elf Conjurer began the quest for the
                  | Orb.
     0 | D:1      | Reached XP level 1. HP: 10/10 MP: 6/6
   281 | D:1      | Found a faded altar of an unknown god.
   428 | D:1      | Reached XP level 2. HP: 13/15 MP: 2/8
   706 | D:1      | Reached skill level 5 in Conjurations
  1205 | D:2      | Reached XP level 3. HP: 19/19 MP: 6/9
  2397 | D:3      | Reached XP level 4. HP: 19/24 MP: 6/11
  2873 | D:3      | Reached skill level 6 in Conjurations
  3148 | D:3      | Reached XP level 5. HP: 28/28 MP: 13/13
  3197 | D:3      | Found a blossoming altar of Fedhas.
  3688 | D:4      | Learned a level 1 spell: Summon Small Mammal
  3761 | D:4      | Learned a level 4 spell: Fulminant Prism
  4080 | D:4      | Learned a level 3 spell: Summon Guardian Golem
  4176 | D:4      | Found an opulent altar of Gozag.
  4242 | D:4      | Slain by a hound

Illustrated notes

Levels and vault maps discovered:
D:1:      shiori_arrival_maze, layout_loops_corners,
          hellmonk_ecumenical_altar_crossroads
D:2:      layout_loops_cross, serial_park_tiny_1
D:3:      corexii_shack_village, layout_loops_ring,
          nicolae_overflow_hidden_temple, mainiacjoe_overflow_brackets
D:4:      layout_basic, xom_butterflies, mainiacjoe_overflow_alcove_2,
          lemuel_doored_altar

Skill      XL: |  1  2  3  4 |
---------------+-------------+-----
Conjurations   | 5 6 |  6.1
Stealth        | 3 |  3.0
Spellcasting   | 4 |  4.7
Dodging        | |  2.8
Summonings     | |  0.2

Action                   |  1- 3 |  4- 6 || total
-------------------------+-------+-------++-------
Melee: Whip              |    13 |       ||    13
 Cast: Magic Dart        |    81 |    48 ||   129
       Summon Small Mamm |       |    11 ||    11
       Fulminant Prism   |       |     5 ||     5
       Summon Guardian G |       |     2 ||     2
Armor: Robe              |     6 |     9 ||    15
Dodge: Dodged            |    20 |    27 ||    47
